 Dungeon Crawl Stone Soup version 0.27-a0-103-g6cd7b45605 (webtiles) character file.

Game seed: 1312056863880625546

98451 KristoblXynda the Spry (level 15, -2/115 HPs)
             Began as a Vampire Gladiator on Jan 22, 2021.
             Was the Champion of Ashenzari.
             Slain by Zuc Veot's ghost (14 damage)
             ... on level 1 of the Snake Pit on Jan 23, 2021.
             The game lasted 00:58:40 (24620 turns).

KristoblXynda the Spry (Vampire Gladiator)         Turns: 24620, Time: 00:58:41

Health: -2/115     AC: 28    Str: 19    XL:     15   Next: 74%
Magic:  15/15      EV: 21    Int: 16    God:    Ashenzari [******]
Gold:   1352       SH:  0    Dex: 17    Spells: 8/14 levels left

rFire    + . .     SeeInvis +   o - +5 great sword (vamp)
rCold    + . .     Faith    .   (shield currently unavailable)
rNeg     . . .     Spirit   .   n - +2 chain mail {rPois} (curse)
rPois    +         Reflect  .   G - +2 hat {Int+3} (curse)
rElec    .         Harm     .   k - scarf {rC+ rF+}
rCorr    .         Rampage  .   v - +2 pair of gloves {Str+3} (curse)
Will     +....     Clarity  +   a - +2 pair of boots {run} (curse)
Stlth    +++.......             A - amulet of regeneration
HPRegen  0.89/turn              u - +4 ring of protection
MPRegen  0.14/turn              w - +4 ring of evasion

@: mighty, about to teleport, regenerating quickly, quick
A: fangs 3, see invisible, unbreathing
a: Exsanguinate, Renounce Religion, Curse Item, Scrying, Transfer Knowledge


You were on level 1 of the Snake Pit.
You worshipped Ashenzari.
Ashenzari was exalted by your worship.
You visited 5 branches of the dungeon, and saw 25 of its levels.
You also visited: Sewer and Ice Cave.

You collected 2932 gold pieces.
You spent 1580 gold pieces at shops.

Inventory:

Hand Weapons
 o - a +5 vampiric great sword (weapon)
 D - a +0 scimitar of flaming
Missiles
 d - 2 throwing nets (quivered)
Armour
 a - a cursed +2 pair of boots of running (worn)
 k - a scarf of resistance (worn)
 n - a cursed +2 chain mail of poison resistance (worn)
 v - a cursed +2 pair of gloves of strength (worn)
 G - a cursed +2 hat of intelligence (worn)
Jewellery
 u - a +4 ring of protection (left hand)
 w - a +4 ring of evasion (right hand)
 A - an amulet of regeneration (around neck)
Wands
 x - a wand of digging (7)
 H - a wand of acid (3)
 L - a wand of paralysis (6)
Scrolls
 c - 3 scrolls of identify
 g - 10 scrolls of magic mapping
 h - 2 scrolls of immolation
 p - 4 scrolls of amnesia
 q - 6 scrolls of remove curse
 r - 15 scrolls of teleportation
 y - a scroll of fog
 E - a scroll of enchant weapon
 I - 4 scrolls of fear
 J - a scroll of blinking
 Q - a scroll of silence
Potions
 e - 4 potions of haste
 f - 5 potions of flight
 i - a potion of ambrosia
 j - 5 potions of attraction
 l - 6 potions of mutation
 s - 2 potions of lignification
 t - 3 potions of cancellation
 B - 2 potions of brilliance
 C - 2 potions of might
 K - 3 potions of resistance
 P - 2 potions of curing
 R - a potion of magic
Miscellaneous
 N - a tin of tremorstones (2/2)


   Skills:
 - Level 10.1 Fighting
 + Level 15.0 Long Blades
 - Level 2.0 Throwing
 + Level 10.9(15.1) Armour
 + Level 15.1 Dodging
 + Level 14.2 Stealth
 - Level 5.1 Evocations


You had 8 spell levels left.
You knew the following spells:

 Your Spells              Type           Power        Failure   Level
a - Petrify               Tmut/Erth      0%           100%        4
b - Wereblood             Tmut           0%           91%         2

Your spell library contained the following spells:

 Spells                   Type           Power        Failure   Level
 Beastly Appendage        Tmut           0%           82%         1
 Freeze                   Ice            0%           82%         1
 Magic Dart               Conj           0%           82%         1
 Blink                    Tloc           N/A          91%         2
 Call Imp                 Summ           0%           91%         2
 Ensorcelled Hibernation  Hex/Ice        0%           91%         2
 Slow                     Hex            0%           91%         2
 Confusing Touch          Hex            0%           99%         3
 Conjure Flame            Conj/Fire      0%           99%         3
 Frozen Ramparts          Ice            0%           99%         3
 Gell's Gravitas          Tloc           0%           99%         3
 Ignite Poison            Fire/Tmut/Pois 0%           99%         3
 Mephitic Cloud           Conj/Pois/Air  0%           99%         3
 Spider Form              Tmut/Pois      0%           99%         3
 Hailstorm                Conj/Ice       0%           100%        4
 Ice Form                 Ice/Tmut       0%           100%        4
 Summon Ice Beast         Ice/Summ       0%           100%        4
 Blade Hands              Tmut           0%           100%        5
 Fireball                 Conj/Fire      0%           100%        5
 Metabolic Englaciation   Hex/Ice        0%           100%        5
 Yara's Violent Unravell  Hex/Tmut       0%           100%        5
 Starburst                Conj/Fire      0%           100%        6
 Ignition                 Fire           0%           100%        8


Dungeon Overview and Level Annotations

Branches:
Dungeon (15/15)            Temple (1/1) D:5            Lair (6/6) D:9
  Swamp (0/4) Lair:4        Snake (1/4) Lair:3        Slime (0/5) Lair:5
    Orc (2/2) D:10            Elf (0/3) Orc:2        Vaults (0/5) D:14
 Depths (0/5) D:15          Sewer (visited)           IceCv (visited)

Altars:
Ashenzari
Cheibriados
Dithmenos
Elyvilon
Fedhas
Gozag
Hepliaklqana
Kikubaaqudgha
Makhleb
Nemelex Xobeh
Okawaru
Qazlal
Ru
Sif Muna
Trog
Uskayaw
Vehumet
Wu Jian
Xom
Yredelemnul
Zin
The Shining One
Beogh

Shops:
D:5 [   D:6 !   D:9 !   D:10 :   D:14 *   Orc:2 [=((

Portals:
Trove: D:11 (give +6 demon blade)

Annotations:
D:12 3 runed translucent doors
Lair:5 exclusion: 3 oklob plants
Snake:1 Zuc Veot's ghost, adept GrFi


Innate Abilities, Weirdness & Mutations

Your natural rate of healing is unusually fast.
You have razor-sharp teeth.
You have supernaturally acute eyesight. (SInv)
You can survive without breathing.


Message History

Zuc Veot's ghost is severely damaged.
You barely miss Zuc Veot's ghost.
Zuc Veot's ghost is severely damaged.
Zuc Veot's ghost hits you!
* * * LOW HITPOINT WARNING * * *
Zuc Veot's ghost freezes you.
* * * LOW HITPOINT WARNING * * *
Unknown command.
You hit Zuc Veot's ghost but do no damage.
Your bite misses Zuc Veot's ghost.
Zuc Veot's ghost is severely damaged.
Zuc Veot's ghost hits you but does no damage.
Unknown command.
You feel better. Zuc Veot's ghost hits you!
* * * LOW HITPOINT WARNING * * *
Zuc Veot's ghost freezes you.
* * * LOW HITPOINT WARNING * * *
As you read the scroll of teleportation, it crumbles to dust.
You feel strangely unstable. Zuc Veot's ghost hits you!
You die...

,, ,, ,, , , , , ,, ,
,,,,* , , ,, , * , , ,
{, * ,,, ,, , , ,,
####### , , , ,, *
#++####.....## ,,, , ,
#..§§§+......## ### ,
#..§§§+.......## #.# ,
, #!.§@§§........###.##
,, ,,, ,
**#..##W##........##...
, ,, +....
#§S§#.........#.## ,
,,,, ####
*#§§§#.........'.# , ,
,,∆#.........'.# ,,,,
,** * ##.......#### , ,
##.....## , * ##...## *
* #####


You could see a shock serpent (corroded) and Zuc Veot's ghost.

Vanquished Creatures
  A frost giant (IceCv)
  An orc warlord (Orc:1)
  The ghost of Gwrg the Cleaver, a journeyman HOFi of Makhleb (Lair:3)
  An ettin (Orc:1)
  Josephine (Lair:5)
  An ice dragon (Lair:2)
  Harold (D:7)
  Fannar (D:11)
  5 hydras
  2 boulder beetles
  A centaur warrior (D:13)
  An anaconda (Snake:1)
  7 death yaks (Lair:6)
  8 two-headed ogres
  8 orc high priests (Orc:2)
  12 spriggans (Lair:6)
  2 unseen horrors
  2 orc knights
  Pikel (D:5)
  A wolf spider zombie (D:15)
  A necromancer (D:15)
  4 deep elf magi
  12 ugly things
  A cyclops (D:12)
  A manticore (D:15)
  2 orc sorcerers
  7 black mambas
  12 elephants
  2 torpor snails
  2 naga magi
  2 ice statues (IceCv)
  A gargoyle (D:10)
  10 cane toads
  An efreet (D:13)
  3 kobold demonologists (D:13)
  2 rime drakes
  9 komodo dragons
  A tengu conjurer (D:14)
  A harpy zombie (D:15)
  21 polar bears
  10 trolls
  3 hornets
  3 blink frogs (Lair:2)
  6 dream sheep (Lair:6)
  Grinder (D:4)
  A centaur simulacrum (D:15)
  Sigmund (D:4)
  2 shadows
  71 yaks
  6 wyverns
  A vampire (D:13)
  A basilisk (shapeshifter) (D:9)
  7 wraiths
  Eustachio (D:4)
  A water elemental (D:14)
  6 basilisks
  Menkaure (D:4)
  5 wargs
  3 acid dragons (D:14)
  3 nagas (Lair:3)
  19 water moccasins
  32 orc warriors
  Purgy (Sewer)
  7 black bears
  An eye of draining (shapeshifter) (D:13)
  3 sky beasts
  2 ice beasts
  12 ogres
  A phantom (D:14)
  A necrophage (D:11)
  5 boggarts (Lair:6)
  11 centaurs
  38 wolves
  7 big kobolds
  20 bullfrogs
  A gnoll sergeant (Orc:1)
  A scorpion (D:14)
  2 wyvern skeletons
  A water moccasin skeleton (D:4)
  6 killer bees (D:10)
  3 howler monkeys
  8 wights
  6 electric eels
  A bullfrog zombie (D:6)
  A centaur zombie (D:12)
  A crimson imp (D:4)
  2 jellies
  3 centaur skeletons
  A bullfrog skeleton (D:8)
  10 hounds
  2 quasits
  39 orc priests
  5 iguanas
  10 worker ants
  20 orc wizards
  Natasha (thrice) (D:4)
  10 hell rats
  A hound skeleton (D:7)
  A worker ant zombie (D:9)
  9 gnolls
  13 adders
  3 shadow imps
  An ufetubus (D:10)
  An ooze (D:4)
  An adder zombie (D:8)
  3 worms
  4 dart slugs
  4 leopard geckos
  114 orcs
  3 ball pythons
  13 giant cockroaches
  9 goblins
  8 hobgoblins
  3 jackals (D:9)
  37 kobolds
  2 quokkas
  12 bats
  7 frilled lizards
  2 leopard gecko skeletons (D:4)
  A quokka skeleton (D:5)
  A quokka zombie (D:8)
  7 rats
842 creatures vanquished.

Vanquished Creatures (others)
  An orc (Orc:1)
  20 fungi
  87 plants
108 creatures vanquished.

Grand Total: 950 creatures vanquished

Notes
Turn   | Place    | Note
-------+----------+-------------------------------------------
     0 | D:1      | KristoblXynda the Vampire Gladiator began the quest for the
                  | Orb.
     0 | D:1      | Reached XP level 1. HP: 16/16 MP: 1/1
   151 | D:1      | Reached XP level 2. HP: 16/22 MP: 2/2
   864 | D:2      | Reached XP level 3. HP: 21/27 MP: 3/3
   933 | D:2      | Found a stormy altar of Qazlal.
  1205 | D:2      | Found a sacrificial altar of Ru.
  1319 | D:2      | Reached skill level 1 in Stealth
  1394 | D:2      | Found a shimmering blue altar of Sif Muna.
  1550 | D:3      | Reached XP level 4. HP: 28/34 MP: 4/4
  1587 | D:3      | Found a glowing drain.
  1603 | Sewer    | Entered a sewer
  1697 | Sewer    | Noticed Purgy
  1707 | Sewer    | Killed Purgy
  1708 | Sewer    | Reached XP level 5. HP: 39/39 MP: 5/5
  2062 | D:3      | Found a blossoming altar of Fedhas.
  2537 | D:4      | Noticed Eustachio
  2542 | D:4      | Killed Eustachio
  2543 | D:4      | Reached skill level 5 in Long Blades
  2543 | D:4      | Reached XP level 6. HP: 47/47 MP: 6/6
  2755 | D:4      | Noticed Menkaure
  2755 | D:4      | Noticed Sigmund
  2776 | D:4      | Killed Menkaure
  2777 | D:4      | Reached skill level 5 in Dodging
  2777 | D:4      | Reached XP level 7. HP: 18/52 MP: 7/7
  2993 | D:4      | Killed Sigmund
  2994 | D:4      | Reached skill level 5 in Stealth
  3053 | D:4      | Noticed Natasha
  3064 | D:4      | Killed Natasha
  3082 | D:4      | Noticed Grinder
  3084 | D:4      | Killed Grinder
  3168 | D:4      | Found an opulent altar of Gozag.
  3437 | D:4      | Reached XP level 8. HP: 57/60 MP: 8/8
  3594 | D:4      | Noticed Natasha
  3610 | D:4      | Killed Natasha
  3646 | D:4      | Noticed Natasha
  3656 | D:4      | Killed Natasha
  3912 | D:4      | Found a radiant altar of Vehumet.
  3912 | D:4      | Found a burning altar of Makhleb.
  3961 | D:5      | Entered Level 5 of the Dungeon
  4094 | D:5      | Found a white marble altar of Elyvilon.
  4309 | D:5      | Found a basalt altar of Yredelemnul.
  4405 | D:5      | Found a sparkling altar of Nemelex Xobeh.
  4702 | D:5      | Found Jeboet's Antique Armour Shoppe.
  4705 | D:5      | Bought a pair of embroidered gloves for 225 gold pieces
  4757 | D:5      | Found a staircase to the Ecumenical Temple.
  4777 | D:5      | Noticed Pikel
  4784 | Temple   | Entered the Ecumenical Temple
  4898 | Temple   | Became a worshipper of Ashenzari the Shackled
  4964 | D:5      | Killed Pikel
  4965 | D:5      | Reached skill level 5 in Fighting
  5490 | D:6      | Found Yzusyraps's Distillery.
  5511 | D:6      | Found an iron altar of Okawaru.
  5529 | D:6      | Reached XP level 9. HP: 63/68 MP: 9/9
  6145 | D:7      | Noticed Harold
  6174 | D:7      | Killed Harold
  6445 | D:7      | Found a hazy altar of Hepliaklqana.
  6576 | D:7      | Reached skill level 1 in Armour
  6642 | D:8      | Identified the Guide on the Frostbite
  6756 | D:8      | Noticed a two-headed ogre
  6772 | D:8      | Killed a two-headed ogre
  6773 | D:8      | Reached skill level 1 in Evocations
  6773 | D:8      | Reached XP level 10. HP: 76/76 MP: 10/10
  7182 | D:8      | Reached skill level 10 in Stealth
  7509 | D:8      | Learned a level 4 spell: Petrify
  7580 | D:8      | Found a shimmering altar of Xom.
  7594 | D:8      | Noticed a two-headed ogre
  7606 | D:8      | Killed a two-headed ogre
  7660 | D:8      | Reached * piety under Ashenzari
  7928 | D:9      | Noticed an unseen horror
  7939 | D:9      | Killed an unseen horror
  7940 | D:9      | Reached skill level 10 in Long Blades
  7946 | D:9      | Got the uncursed scale mail of Terror {+Blink rF++ Str-2
                  | Stlth+}
  7998 | D:9      | Identified the +4 scale mail of Terror {+Blink rF++ Str-2
                  | Stlth+} (You found it on level 9 of the Dungeon)
  8043 | D:9      | Found a staircase to the Lair.
  8125 | D:9      | Reached XP level 11. HP: 83/83 MP: 11/11
  8233 | D:9      | Found Noyk's Distillery.
  8239 | D:9      | Bought 2 potions of heal wounds for 140 gold pieces
  8405 | D:9      | Noticed a two-headed ogre
  8417 | D:9      | Killed a two-headed ogre
  8637 | D:9      | Found the +5 robe of Night {Dark Will+ SInv}
  8703 | D:10     | Entered Level 10 of the Dungeon
  8860 | D:10     | Found Hoihun's Book Shop.
  8978 | D:10     | Reached ** piety under Ashenzari
  8982 | D:10     | Noticed a brown ugly thing
  9019 | D:10     | Killed a brown ugly thing
  9259 | D:10     | Found a staircase to the Orcish Mines.
  9362 | D:10     | Reached skill level 5 in Evocations
 10096 | D:11     | Reached skill level 5 in Armour
 10096 | D:11     | Reached skill level 10 in Dodging
 10121 | D:11     | Found a broken altar of Ashenzari.
 10126 | D:11     | Found a portal to a secret trove of treasure.
 10143 | D:11     | Noticed Fannar
 10394 | D:11     | Killed Fannar
 10454 | D:11     | Paralysed by a hornet for 3 turns
 10539 | D:11     | Noticed a purple ugly thing
 10551 | D:11     | Killed a purple ugly thing
 10634 | D:12     | Noticed an unseen horror
 10644 | D:12     | Killed an unseen horror
 10645 | D:12     | Reached XP level 12. HP: 91/91 MP: 12/12
 10935 | D:12     | Reached *** piety under Ashenzari
 10938 | D:12     | Found a runed translucent door.
 10938 | D:12     | Noticed a merfolk avatar
 10938 | D:12     | Noticed a merfolk impaler
 10939 | D:12     | Found a runed translucent door.
 10995 | D:12     | Found a runed translucent door.
 11798 | D:13     | Noticed a four-headed hydra
 11810 | D:13     | Killed a one-headed hydra
 12056 | D:13     | Noticed a two-headed ogre
 12063 | D:13     | Killed a two-headed ogre
 12180 | D:13     | Noticed a centaur warrior
 12242 | D:13     | Killed a centaur warrior
 13177 | D:14     | Noticed a two-headed ogre
 13187 | D:14     | Killed a two-headed ogre
 13262 | D:14     | Reached XP level 13. HP: 61/98 MP: 13/13
 13492 | D:14     | Reached **** piety under Ashenzari
 13648 | D:14     | Found Gozag's Platinum Reserve.
 13649 | D:14     | Found an opulent altar of Gozag.
 14391 | D:14     | Found a gate to the Vaults.
 14462 | D:15     | Entered Level 15 of the Dungeon
 14879 | D:15     | Found a staircase to the Depths.
 15576 | Lair:1   | Entered Level 1 of the Lair of Beasts
 15821 | Lair:1   | Reached ***** piety under Ashenzari
 16740 | Lair:2   | Learned a level 2 spell: Wereblood
 17216 | Lair:2   | Reached XP level 14. HP: 87/109 MP: 14/14
 17833 | Lair:3   | Noticed Gwrg's ghost (journeyman HOFi)
 17836 | Lair:3   | Found a runed translucent door.
 17890 | Lair:3   | Killed Gwrg's ghost
 17948 | Lair:3   | Reached skill level 10 in Fighting
 18035 | Lair:3   | Found a staircase to the Snake Pit.
 18574 | Lair:4   | Found a frozen archway.
 18587 | IceCv    | Entered an ice cave
 18938 | IceCv    | Noticed a frost giant
 19062 | IceCv    | Killed a frost giant
 19434 | Lair:4   | Found a staircase to the Swamp.
 20029 | Lair:5   | Noticed Josephine
 20055 | Lair:5   | Killed Josephine
 20193 | Lair:5   | Found a hide-covered altar of Uskayaw.
 20461 | Lair:5   | Found a staircase to the Slime Pits.
 20834 | Lair:6   | Entered Level 6 of the Lair of Beasts
 20856 | Lair:6   | Reached skill level 10 in Armour
 21030 | Lair:6   | Reached XP level 15. HP: 115/115 MP: 15/15
 22334 | Orc:1    | Entered Level 1 of the Orcish Mines
 22344 | Orc:1    | Paralysed by an orc sorcerer for 2 turns
 22788 | Orc:1    | Found a roughly hewn altar of Beogh.
 22902 | Orc:2    | Entered Level 2 of the Orcish Mines
 22902 | Orc:2    | Reached ****** piety under Ashenzari
 22906 | Orc:2    | Noticed an orc warlord
 22937 | Orc:1    | Killed an orc warlord
 23082 | Orc:2    | Found Siffeep's Jewellery Shoppe.
 23084 | Orc:2    | Found Bicovo's Antique Armour Shop.
 23093 | Orc:2    | Reached skill level 15 in Dodging
 23164 | Orc:2    | Bought a pair of glowing boots for 255 gold pieces
 23164 | Orc:2    | Identified a +2 pair of boots of running (You bought it in
                  | a shop on level 2 of the Orcish Mines)
 23276 | Orc:2    | Found a roughly hewn altar of Beogh.
 23346 | Orc:2    | Found a staircase to the Elven Halls.
 23858 | Orc:2    | Found Qucs's Antique Weapon Shop.
 24032 | Orc:2    | Found Luarghuth's Antique Weapon Shoppe.
 24054 | Orc:2    | Bought a brightly glowing scimitar for 225 gold pieces
 24054 | Orc:2    | Bought a slimy scimitar for 225 gold pieces
 24054 | Orc:2    | Identified the +2 scimitar of Ittant {antimagic, rPois rF+}
                  | (You bought it in a shop on level 2 of the Orcish Mines)
 24291 | Orc:2    | Bought an embroidered hat for 238 gold pieces
 24291 | Orc:2    | Bought a runed scarf for 272 gold pieces
 24505 | Snake:1  | Entered Level 1 of the Snake Pit
 24522 | Snake:1  | Reached skill level 15 in Long Blades
 24572 | Snake:1  | Found a runed translucent door.
 24573 | Snake:1  | Noticed Zuc Veot's ghost (adept GrFi)
 24620 | Snake:1  | Slain by Zuc Veot's ghost

Illustrated notes

Levels and vault maps discovered:
D:1:      dpeg_arrival_shrine, layout_rooms, serial_forest,
          infiniplex_forest_corner_2, infiniplex_forest_clump_medium,
          infiniplex_forest_end_1, infiniplex_forest_3_way,
          infiniplex_forest_clump_large, minmay_misc_feat_encased,
          amcnicky_mini_pool_small
D:2:      layout_rooms, old_standard_altar, nicolae_ru_awakened_eye,
          led_sif_pool, serial_bayou, serial_bayou_crossing,
          serial_bayou_pond_d, serial_bayou_pond_d, serial_bayou_pond_a
D:3:      minmay_roachtagon, layout_basic, fedhas_altar_4,
          cheibrodos_sewer_entry_sluice, serial_bayou_pond_b
D:4:      minmay_razor_zed, layout_basic,
          grunt_temple_overflow_lords_of_destruction, overflow_temple_1_default,
          uniq_menkaure, uniq_eustachio, uniq_natasha, uniq_sigmund,
          uniq_grinder
D:5:      layout_loops_corners, nemelex_xobeh_ov_fountains_minmay,
          kennysheep_ying_yang, minmay_temple_entry_statues_pillars,
          serial_shops, shop, uniq_pikel
D:6:      layout_rooms, okawaru_trees_2, serial_shops,
          nicolae_shop_window_shopping
D:7:      layout_loops_cross, nzn_hepliaklqana_mist_gate, uniq_harold
D:8:      layout_rooms, lemuel_doored_altar, chequers_garden
D:9:      layout_cave_pods, minmay_lair_entry_grove, serial_shops,
          nicolae_shop_trees, lightli_fourway_metalbox
D:10:     layout_stronghold, erik_orc_2, serial_column_ruins,
          column_ruins_hut_ruined, column_ruins_hut_pillars,
          column_ruins_open_small, column_ruins_open_tiny,
          column_ruins_open_medium, column_ruins_open_small,
          column_ruins_grid_2, column_ruins_open_medium,
          column_ruins_open_small, serial_shops, nicolae_shop_waterfront
D:11:     layout_big_octagon, basic_altar, nicolae_trove_entry_free_sample,
          uniq_fannar
D:12:     layout_loops_ring, mikee_hates_you
D:13:     layout_basic, kennysheep_donut
D:14:     layout_layer_cave, david_vaults_1, serial_bayou_lagoon_a,
          nicolae_gozag_zags_fifth_avenue
D:15:     grunt_enter_depths_magical_seal, layout_gridville, patterned_corridor,
          statue_in_the_mist_lemuel
Temple:   nicolae_temple_figure_zero
Lair:1:   layout_regular_city, st_stairs_10
Lair:2:   dragon1_lemuel, layout_cellular_growth, minivault_24
Lair:3:   layout_layer_cave, guppyfry_snake_entry_island,
          hellmonk_ghost_happy_afterlife, chequers_serial_rivers_small_a,
          beast_lair_carwin_7, infiniplex_staircase_pool_2, lemuel_fruit_tree
Lair:4:   layout_gridlike, swamp_mist_pool, portal_ice_cave_entry_pillars_1
Lair:5:   layout_gridlike, minmay_slime_entry_oklob_enclosed, basic_altar,
          grunt_megastairs_5, uniq_josephine
Lair:6:   minmay_lair_end_enchanted_forest, layout_regular_city,
          serial_bayou_shore_a, grunt_megastairs_4
Snake:1:  layout_gridlike, serial_shops, nicolae_shop_behind_doors,
          ebering_ghost_inner_flame, uniq_kirke, uniq_jorgrun
Orc:1:    layout_diamond_mine, basic_altar
Orc:2:    st_orc_town, layout_diamond_mine

Skill      XL: |  1  2  3  4  5  6  7  8  9 10 11 12 13 14 15 |
---------------+----------------------------------------------+-----
Fighting       | 2 3 4 5 6 7 8 9 10 | 10.1
Throwing       | 2 |  2.0
Stealth        | 1 2 3 4 5 7 9 10 12 14 | 14.2
Long Blades    | 4 5 6 8 9 10 11 12 13 14 15 | 15.0
Dodging        | 4 5 6 7 9 10 12 13 14 15 | 15.1
Armour         | 1 3 5 7 8 10 | 10.9
Evocations     | 1 3 5 |  5.1

Action                   |  1- 3 |  4- 6 |  7- 9 | 10-12 | 13-15 || total
-------------------------+-------+-------+-------+-------+-------++-------
Melee: Long sword        |    87 |       |    28 |   172 |       ||   287
       Bite              |    15 |    18 |    45 |   120 |   270 ||   468
       Dagger            |    13 |   139 |   318 |       |       ||   470
       Great sword       |       |       |       |   528 |  1371 ||  1899
       Scimitar          |       |       |       |   123 |    25 ||   148
Throw: Throwing net      |       |       |     3 |       |       ||     3
Invok: Curse Item        |       |       |     1 |     1 |     4 ||     6
Evoke: Wand              |       |       |     5 |     2 |    13 ||    20
       Tin of tremorston |       |       |       |       |     3 ||     3
  Use: Scroll            |       |     6 |     7 |    14 |    11 ||    38
       Potion            |       |     1 |     4 |     8 |     6 ||    19
 Stab: Sleeping          |     1 |    13 |    13 |    17 |    23 ||    67
       Held in net/web   |       |       |     3 |       |       ||     3
       Distracted        |       |       |       |     2 |     2 ||     4
       Invisible         |       |       |       |       |     5 ||     5
Armor: Leather armour    |    27 |    18 |    53 |    19 |       ||   117
       Skin              |       |       |    19 |    18 |       ||    37
       Ring mail         |       |       |       |    20 |       ||    20
       Scale mail        |       |       |       |   207 |   573 ||   780
       Chain mail        |       |       |       |       |    26 ||    26
Dodge: Dodged            |    95 |    93 |   200 |   834 |  1983 ||  3205
       Rpst.: Long sword |    25 |       |     6 |    41 |       ||    72
       Great sword       |       |       |       |   152 |   518 ||   670
       Scimitar          |       |       |       |    29 |     8 ||    37

Table legend: (Time is in decaauts)
 A = Elapsed time spent in this place.
 B = Non-inter-level travel time spent in this place.
 C = Inter-level travel time spent in this place.
 D = Time resting spent in this place.
 E = Time spent auto-exploring this place.
 F = Levels seen in this place.
 G = Mean time per level.
                   A        B        C        D        E       F      G
               +--------+--------+--------+--------+--------+-----+--------+
         Total |  24568 |  23471 |   1097 |   3592 |  13147 |  27 |  909.9 |
       Dungeon |  15247 |  14618 |    629 |   2408 |   8295 |  15 | 1016.5 |
        Temple |    125 |    125 |      0 |      0 |     93 |   1 |  125.0 |
          Lair |   6140 |   5833 |    307 |    415 |   3749 |   6 | 1023.3 |
     Snake Pit |    108 |    108 |      0 |      0 |     32 |   1 |  108.0 |
  Orcish Mines |   1952 |   1792 |    160 |    465 |    703 |   2 |  976.0 |
         Sewer |    283 |    283 |      0 |    151 |     71 |   1 |  283.0 |
      Ice Cave |    709 |    709 |      0 |    153 |    202 |   1 |  709.0 |
               +--------+--------+--------+--------+--------+-----+--------+

Top non-repeatable levels by time:
    D:14: 1518 daAuts
    D:10: 1460 daAuts
     D:4: 1411 daAuts
   Orc:2: 1329 daAuts
  Lair:6: 1267 daAuts
     D:5: 1251 daAuts
    D:13: 1223 daAuts
  Lair:1: 1206 daAuts
    D:12: 1123 daAuts
     D:8: 1115 daAuts
  Lair:3: 1053 daAuts
     D:9: 1036 daAuts
  Lair:2: 1011 daAuts
    D:15: 1003 daAuts
     D:7: 859 daAuts
